 Dungeon Crawl Stone Soup version 0.32-a0-961-gd60f5e5fc7 (webtiles) character file.

Game seed: 10230881743323326787

168504 spaghetti the Gelid (level 17, -3/172 HPs)
             Began as a Naga Chaos Knight on Apr 17, 2024.
             Was a Plaything of Xom.
             Slain by a +0 vampiric trident (6 damage)
             ... on level 2 of the Elven Halls.
             The game lasted 01:15:02 (37317 turns).

spaghetti the Gelid (Naga Chaos Knight)            Turns: 37317, Time: 01:15:03

Health: -3/172     AC: 33    Str: 13      XL:     17   Next: 95%
Magic:  0/33       EV: 11    Int: 35      God:    Xom [..*...]
Gold:   1314       SH:  0    Dex: 13 (14) Spells: 3/35 levels left

rFire   . . .        r - +7 staff of the Meek {protect, meekguard}
rCold   . . .        (shield currently unavailable)
rNeg    . . .        a - +2 leather armour
rPois   +            U - +2 hat
rElec   .            I - +2 cloak {rPois}
rCorr   .            N - +2 pair of gloves {infuse}
SInv    +            (no barding)
Will    ++...        (no amulet)
Stlth   +            g - +6 ring of intelligence
HPRegen 0.48/turn    M - +6 ring of intelligence
MPRegen 0.23/turn

%: no passive effects
@: under a protective aura, very slow
A: AC +5, large, see invisible, deformed body, poison resistance, slowness 2,
spit poison 2, naga tail 2, stinger 1, iridescent scales 1, agile 1, clever 1,
deterioration 1, high MP 1, sturdy frame 1
a: Breathe Poison Gas, Renounce Religion


You were on level 2 of the Elven Halls.
You worshipped Xom.
You were a toy of Xom.
You visited 5 branches of the dungeon, and saw 25 of its levels.
You also visited: Sewer and Bailey.

You collected 2896 gold pieces.
You spent 1582 gold pieces at shops.

Inventory:

Hand Weapons
 r - the +7 staff of the Meek (weapon) {protect, meekguard}
   (You found it on level 3 of the Dungeon)
 Q - a +1 spectral demon whip
Armour
 a - a +2 leather armour (worn)
 I - a +2 cloak of poison resistance (worn)
 N - a +2 pair of gloves of infusion (worn)
 R - a +2 plate armour of fire resistance
 U - a +2 hat (worn)
Magical Staves
 j - a staff of death
Jewellery
 c - a ring of ice
 g - a +6 ring of intelligence (left hand)
 h - a ring of protection from fire
 n - an amulet of reflection
 p - a ring of flight
 t - a +4 ring of protection
 M - a +6 ring of intelligence (right hand)
 O - a ring of resist corrosion
 W - a ring of protection from cold
 X - a ring of positive energy
Talismans
 D - a granite talisman
Wands
 o - a wand of paralysis (12)
 s - a wand of digging (14)
 u - a wand of polymorph (13)
 B - a wand of warping (33)
 C - a wand of flame (11)
 J - a wand of acid (1)
 V - a wand of mindburst (9)
Scrolls
 f - 6 scrolls of fog
 i - 2 scrolls of brand weapon
 k - 3 scrolls of noise
 v - a scroll of fear
 w - 2 scrolls of silence
 x - 6 scrolls of vulnerability
 y - 9 scrolls of identify
 z - 2 scrolls of immolation
 H - 4 scrolls of enchant weapon
 S - a scroll of amnesia
 T - a scroll of revelation
 Y - a scroll of enchant armour
Potions
 b - 8 potions of curing
 d - a potion of mutation
 e - 5 potions of magic
 m - a potion of attraction
 A - 5 potions of enlightenment
 F - 2 potions of invisibility
 G - 3 potions of might
 L - 5 potions of lignification
 P - a potion of degeneration
 Z - a potion of cancellation
Miscellaneous
 E - a box of beasts (inert)


   Skills:
 - Level 15.8 Fighting
 - Level 1.5 Armour
 - Level 6.9 Dodging
 - Level 3.0 Unarmed Combat
 - Level 9.7 Spellcasting
 - Level 9.0 Conjurations
 + Level 12.3 Necromancy
 - Level 16.1 Ice Magic
 - Level 9.0 Air Magic
 - Level 6.0 Alchemy
 - Level 5.9 Evocations


You had 3 spell levels left.
You knew the following spells:

 Your Spells              Type           Power      Damage    Failure   Level
a - Mephitic Cloud        Conj/Alch/Air  65%        N/A       1%          3
b - Freezing Cloud        Conj/Ice/Air   38%        6-21      1%          5
c - Metabolic Englaciati  Hex/Ice        32%        N/A       2%          5
d - Ozocubu's Refrigerat  Ice            46%        4d17      3%          7
e - Animate Dead          Necr           80%        N/A       1%          4
f - Infestation           Necr           40%        N/A       73%         8

Your spell library contained the following spells:

 Spells                   Type           Power      Damage    Failure   Level
 Necrotise                Necr           100%       1d9       0%          1
 Magic Dart               Conj           100%       1d8       1%          1
 Shock                    Conj/Air       100%       1d9       1%          1
 Ensorcelled Hibernation  Hex/Ice        100%       N/A       1%          2
 Mercury Vapours          Alch/Air       100%       N/A       1%          2
 Momentum Strike          Conj/Tloc      96%        3d10      1%          2
 Swiftness                Air            68%        N/A       1%          3
 Vampiric Draining        Necr           80%        2d11      1%          3
 Blink                    Tloc           32%        N/A       4%          2
 Call Imp                 Summ           32%        N/A       4%          2
 Lesser Beckoning         Tloc           32%        N/A       4%          2
 Passwall                 Erth           16%        N/A       8%          3
 Airstrike                Air            34%        2d(5-21)  1%          4
 Martyr's Knell           Necr/Summ      56%        N/A       1%          4
 Curse of Agony           Necr           80%        N/A       1%          5
 Olgreb's Toxic Radiance  Alch           56%        N/A       2%          4
 Irradiate                Conj/Alch      31%        3d22      3%          5
 Flame Wave               Conj/Fire      48%        2d12      4%          4
 Alistair's Intoxication  Alch           37%        N/A       6%          5
 Leda's Liquefaction      Alch/Erth      18%        N/A       8%          4
 Petrify                  Alch/Erth      37%        N/A       8%          4
 Fireball                 Conj/Fire      24%        3d11      12%         5
 Haunt                    Necr/Summ      28%        N/A       87%         7
 Discord                  Hex            8%         N/A       100%        8
 Fulsome Fusillade        Conj/Alch      31%        (3-5)d11  100%        8


Dungeon Overview and Level Annotations

Branches:
Dungeon (15/15)            Temple (0/1) D:6            Lair (5/5) D:8
 Shoals (0/4) Lair:3        Snake (1/4) Lair:2        Slime (0/5) Lair:5
    Orc (2/2) D:12            Elf (2/3) Orc:2        Vaults (0/5) D:14
 Depths (0/4) D:15          Sewer (visited)          Bailey (visited)

Altars:
Ashenzari
Fedhas
Gozag
Hepliaklqana
Kikubaaqudgha
Makhleb
Nemelex Xobeh
Okawaru
Qazlal
Sif Muna
Uskayaw
Vehumet
Xom
The Shining One
Beogh
Jiyva

Shops:
D:5 *!!   Orc:2 :!!![   Elf:1 *

Portals:
Trove: D:14 (give 2 scrolls of acquirement)

Annotations:
D:4 3 runed translucent doors, THTSBRD's ghost, amateur DgSh
D:7 exclusions: 2 doors and 1 more exclusion


Innate Abilities, Weirdness & Mutations

Your serpentine skin is tough. (AC +5)
You have supernaturally acute eyesight. (SInv)
Armour fits poorly on your strangely shaped body.
Your system is resistant to poisons. (rPois)
You cover ground very slowly.
You can exhale a cloud of poison.
You can use your snake-like lower body to constrict enemies.
Your tail ends in a venomous barb.
You are partially covered in iridescent scales. (AC +2)
You are agile. (Dex +4, Str/Int -1)
Your mind is acute. (Int +4, Str/Dex -1)
Your body sometimes deteriorates upon taking damage.
You have an increased reservoir of magic. (+10% MP)
Your movements are slightly less encumbered by armour. (ER -2)


Message History

You hit the +3 scimitar of holy wrath but do no damage.
The +3 scimitar of holy wrath is heavily damaged.
You have got your breath back.
You constrict the +3 scimitar of holy wrath.
The deep elf knight seems to regain its courage.
The +3 scimitar of holy wrath hits you!
* * * LOW HITPOINT WARNING * * *
The fire elemental hits you.
The +0 vampiric trident is engulfed in freezing vapours.
The +0 vampiric trident hits you but does no damage.
The deep elf zephyrmancer gestures wildly while chanting.
The deep elf zephyrmancer blinks!
The +4 vampiric battleaxe closely misses you.
The +3 scimitar of holy wrath hits you!
* * * LOW HITPOINT WARNING * * *
The fire elemental hits you.
The +2 antimagic battleaxe hits you but does no damage.
The +0 vampiric trident hits you from afar!
* * * LOW HITPOINT WARNING * * *
The +0 vampiric trident draws strength from your wounds!
The deep elf zephyrmancer gestures wildly while chanting.
The deep elf zephyrmancer blinks!
The +4 vampiric battleaxe hits you.
* * * LOW HITPOINT WARNING * * *
Unknown command.
Unknown command.
You hit the +3 scimitar of holy wrath.
The +3 scimitar of holy wrath is almost destroyed.
You constrict the +3 scimitar of holy wrath!
The +3 scimitar of holy wrath falls from the air.
The +0 vampiric trident is engulfed in freezing vapours.
The +0 vampiric trident hits you but does no damage.
The fire elemental hits you. The fire elemental burns you!
* * * LOW HITPOINT WARNING * * *
Xom roars with laughter!
The +2 antimagic battleaxe hits you but does no damage.
The +4 vampiric battleaxe misses you.
The +0 vampiric trident is engulfed in freezing vapours.
The +0 vampiric trident hits you from afar.
You die...
Xom snickers!

...............
........................
........................
........................
........................
........§........e......
........§§§§.........)..
.......(((§§.....)...(..
.......@E○§§.........)..
....#..(E.......(....)..
. ##...e......)......#
##...............##
......§..........#
..................
..................
.##....§###.....##.
++.#.## #


You could see a deep elf knight (invisible), 2 fire elementals and 4 dancing
weapons.

Vanquished Creatures
  Jorgrun (Elf:1)
  Asterion (Elf:1)
  Gastronok (Lair:3)
  An orc warlord (Bailey)
  Snorg (D:12)
  An ettin (D:15)
  Josephine (Lair:4)
  2 deep elf high priests
  8 hydras
  4 vault guards (D:14)
  3 ogre magi
  3 catoblepae (Lair:5)
  3 centaur warriors
  2 anacondas (Snake:1)
  10 two-headed ogres
  3 dancing weapons
  5 boulder beetles
  A deep troll earth mage (D:12)
  4 tengu warriors
  9 death yaks
  A shock serpent (Snake:1)
  An orc high priest (Elf:1)
  10 deep elf knights
  Amaemon (Lair:1)
  5 skysharks
  2 deep elf archers
  5 skeletal warriors
  2 deep trolls
  A naga ritualist (Snake:1)
  A mana viper (Snake:1)
  Pikel (D:6)
  A phantasmal warrior (D:12)
  14 deep elf pyromancers
  9 orc knights
  4 lindwurms
  An obsidian bat (Orc:2)
  10 deep elf zephyrmancers
  7 cyclopes
  5 manticores
  3 orc sorcerers
  19 ugly things
  Maurice (D:8)
  A salamander (Snake:1)
  9 elephants
  13 black mambas
  3 kobold blastminers
  A torpor snail (Lair:1)
  3 gargoyles
  8 cane toads
  An orange demon (Lair:1)
  7 komodo dragons
  An unseen horror (D:10)
  2 efreet
  2 freezing wraiths
  2 rime drakes
  A tengu conjurer (D:11)
  15 trolls
  A hornet (Lair:2)
  9 polar bears
  17 blink frogs
  A centaur simulacrum (D:15)
  A culicivora (shapeshifter) (D:12)
  6 slime creatures (D:14)
  A spriggan (shapeshifter) (D:14)
  8 wraiths
  2 air elementals
  6 wyverns
  2 water elementals
  2 vampires
  58 yaks
  2 fire elementals (Elf:2)
  5 basilisks
  A warg (Orc:2)
  A golden eye (shapeshifter) (Elf:1)
  11 vampire mosquitoes
  2 steam dragons
  5 nagas
  3 acid dragons
  2 hell hounds (D:10)
  12 water moccasins
  26 orc warriors
  5 black bears
  3 orc zombies (Elf:1)
  2 ice beasts
  21 ogres
  12 centaurs
  3 elf zombies (Elf:1)
  13 wolves
  A phantom (D:5)
  4 kobold brigands
  12 bullfrogs
  4 gnoll sergeants
  6 scorpions
  7 wights
  8 killer bees
  2 troll zombies (Orc:2)
  2 howler monkeys
  4 electric eels
  5 hounds
  A gnoll bouda (D:7)
  16 orc priests
  A bombardier beetle (D:4)
  9 jellies
  Crazy Yiuf (D:6)
  3 sleepcaps
  18 orc wizards
  5 hell rats (Lair:4)
  3 iguanas
  2 ogre zombies (Orc:2)
  9 adders
  16 gnolls
  2 river rats (D:4)
  A shadow imp (D:7)
  A white imp (D:6)
  7 ufetubi
  A ribbon worm (D:2)
  9 dart slugs (Sewer)
  57 orcs
  9 ball pythons
  7 bats
  4 endoplasms
  14 giant cockroaches
  19 goblins
  12 hobgoblins
  4 jackals (D:4)
  A quokka (D:4)
  14 frilled lizards
  14 kobolds
  10 rats
805 creatures vanquished.

Vanquished Creatures (collateral kills)
  An ettin (D:12)
  An anaconda (Snake:1)
  3 two-headed ogres (Orc:2)
  A naga warrior (Snake:1)
  2 sea snakes (Snake:1)
  A naga ritualist (Snake:1)
  3 mana vipers (Snake:1)
  An orc knight (Elf:1)
  A deep elf pyromancer (Elf:1)
  An ugly thing (D:15)
  A deep elf zephyrmancer (Elf:1)
  A cyclops (Orc:2)
  2 elephants (Lair:5)
  A meliai (shapeshifter) (Elf:2)
  A black mamba (Snake:1)
  A naga mage (Snake:1)
  2 trolls (Orc:2)
  A hornet (D:7)
  An elf zombie (Elf:1)
  Menkaure (D:6)
  3 nagas (Snake:1)
  An ogre (Orc:2)
  2 wolves (Lair:5)
  3 killer bees (D:7)
  An electric eel (Snake:1)
  An orc (D:7)
38 creatures vanquished.

Vanquished Creatures (others)
  An eldritch tentacle (D:3)
  A dancing weapon (Orc:2)
  A two-headed ogre (Orc:2)
  A deep troll (Orc:2)
  A shock serpent zombie (Snake:1)
  A black mamba zombie (Snake:1)
  A deep troll zombie (Orc:2)
  2 two-headed ogre zombies (Orc:2)
  2 orc zombies (Elf:1)
  10 elf zombies
  A cyclops zombie (Orc:2)
  3 troll zombies (Orc:2)
  An orc wizard (D:8)
  5 ogre zombies (Orc:2)
  2 naga zombies (Snake:1)
  An ufetubus (D:6)
34 creatures vanquished.

Grand Total: 877 creatures vanquished

Notes
Turn   | Place    | Note
-------+----------+-------------------------------------------
     0 | D:1      | spaghetti the Naga Chaos Knight began the quest for the
                  | Orb.
     0 | D:1      | Reached XP level 1. HP: 21/21 MP: 1/1
     8 | D:1      | XOM: divination: magic mapping
   120 | D:1      | Reached XP level 2. HP: 28/28 MP: 2/2
   132 | D:1      | XOM: potion effect (haste)
   250 | D:1      | XOM: silly message
   321 | D:1      | XOM: silly message
   329 | D:1      | Reached XP level 3. HP: 36/36 MP: 3/3
   445 | D:1      | XOM is BORED!
  1482 | D:3      | XOM: cast spell 'Dispersal'
  1536 | D:3      | XOM: give mutations
  1536 | D:3      | Gained mutation: You are partially covered in large bone
                  | plates. (SH +4) [Xom's grace]
  1536 | D:3      | Gained mutation: Your muscles are strong. (Str +4, Int/Dex
                  | -1) [Xom's grace]
  1536 | D:3      | Gained mutation: You have a pair of small horns on your
                  | head. [Xom's grace]
  1536 | D:3      | Gained mutation: You have sharp fingernails. [Xom's grace]
  1591 | D:3      | Noticed a scorpion
  1595 | D:3      | XOM: cast spell 'Malign Gateway'
  1596 | D:3      | Killed a scorpion
  1597 | D:3      | Reached skill level 5 in Fighting
  1597 | D:3      | Reached skill level 1 in Spellcasting
  1597 | D:3      | Reached XP level 4. HP: 46/46 MP: 4/6
  1648 | D:3      | Reached XP level 5. HP: 52/52 MP: 7/7
  1804 | D:3      | Found a glowing golden altar of the Shining One.
  1804 | D:3      | Found a radiant altar of Vehumet.
  1941 | D:3      | Found a roughly hewn altar of Beogh.
  1941 | D:3      | Found the +7 staff of the Meek {protect, meekguard}
  2259 | D:4      | Found an ancient bone altar of Kikubaaqudgha.
  2336 | D:4      | Found a glowing drain.
  2344 | Sewer    | Entered a sewer
  2360 | Sewer    | Learned a level 3 spell: Mephitic Cloud
  2692 | Sewer    | Reached XP level 6. HP: 61/61 MP: 9/9
  2830 | Sewer    | XOM: enchant monster (good)
  2832 | Sewer    | XOM: potion effect (might)
  2836 | Sewer    | Reached skill level 1 in Conjurations
  2836 | Sewer    | Reached skill level 1 in Air Magic
  2836 | Sewer    | Reached skill level 1 in Alchemy
  3267 | D:4      | Reached XP level 7. HP: 44/68 MP: 10/10
  3331 | D:4      | XOM: cloud trail
  3396 | D:4      | Found an iron altar of Okawaru.
  3465 | D:4      | XOM: 1-stop teleportation journey
  3701 | D:4      | Found a runed translucent gate.
  3701 | D:4      | Found a runed translucent gate.
  3701 | D:4      | Found a runed translucent gate.
  3702 | D:4      | Noticed THTSBRD's ghost (amateur DgSh)
  3705 | D:4      | Found a broken altar of Ashenzari.
  3762 | D:4      | XOM: torment (36/69 hp)
  3882 | D:4      | Found a shimmering blue altar of Sif Muna.
  4026 | D:5      | Entered Level 5 of the Dungeon
  4089 | D:5      | Found Watz's Distillery.
  4097 | D:5      | Bought a potion of curing for 36 gold pieces
  4097 | D:5      | Bought a potion of heal wounds for 60 gold pieces
  4153 | D:5      | XOM: 4-stop teleportation journey
  4258 | D:5      | Reached XP level 8. HP: 78/78 MP: 11/11
  4362 | D:5      | Found Piasit's General Store.
  4502 | D:5      | Found Wajukug's Distillery.
  4510 | D:5      | Bought a potion of might for 60 gold pieces
  4510 | D:5      | Bought 2 potions of enlightenment for 150 gold pieces
  4614 | D:5      | XOM: 6-stop teleportation journey
  4965 | D:6      | Found a staircase to the Ecumenical Temple.
  5058 | D:6      | XOM: 5-stop teleportation journey
  5124 | D:6      | XOM: confuse monster(s)
  5130 | D:6      | XOM: scenery: summon butterflies
  5224 | D:6      | Noticed Pikel
  5233 | D:6      | XOM: enchant monster (bad)
  5239 | D:6      | XOM: summons 3 friendly demons
  5248 | D:6      | XOM: enchant monster (good)
  5252 | D:6      | HP: 2/82 [Pikel/+2 whip of electrocution (13)]
  5255 | D:6      | Killed Pikel
  5255 | D:6      | XOM: divination: magic mapping
  5256 | D:6      | Reached XP level 9. HP: 26/93 MP: 12/12
  5258 | D:6      | XOM: snakes to sticks
  5266 | D:6      | Reached skill level 10 in Fighting
  5564 | D:6      | XOM: cloud trail
  5747 | D:6      | Found an opulent altar of Gozag.
  5749 | D:6      | Found a blossoming altar of Fedhas.
  5810 | D:6      | Noticed Menkaure
  5811 | D:6      | XOM: summons friendly white imp
  5814 | D:6      | Killed Menkaure
  6128 | D:6      | Found a runed translucent door.
  6129 | D:6      | Noticed Crazy Yiuf
  6134 | D:6      | Killed Crazy Yiuf
  6288 | D:7      | Reached skill level 1 in Evocations
  6463 | D:7      | Reached XP level 10. HP: 88/105 MP: 13/13
  6509 | D:7      | XOM: god gift: 46 gold pieces
  6559 | D:7      | XOM: divination: detect items
  6584 | D:7      | XOM: divination: detect items
  6596 | D:7      | XOM: 6-stop teleportation journey
  6623 | D:7      | XOM: confuse monster(s)
  6624 | D:7      | XOM: enchant monster (bad)
  6759 | D:7      | XOM: confuse monster(s)
  6868 | D:7      | XOM: cast spell 'Alistair's Intoxication'
  6967 | D:7      | Learned a level 5 spell: Freezing Cloud
  7022 | D:7      | XOM: 1-stop teleportation journey
  7413 | D:6      | XOM: scenery: summon butterflies
  7673 | D:8      | Reached skill level 5 in Evocations
  7838 | D:8      | Found a flagged portal.
  7843 | Bailey   | Entered a bailey
  7866 | Bailey   | Reached skill level 1 in Ice Magic
  7952 | Bailey   | Noticed an orc knight
  7955 | Bailey   | XOM: potion effect (haste)
  8014 | Bailey   | XOM: give mutation
  8014 | Bailey   | Gained mutation: You are covered in fur. (AC +1) [Xom's
                  | mischief]
  8068 | Bailey   | Noticed an orc knight
  8084 | Bailey   | XOM: silly message
  8716 | Bailey   | Noticed an orc warlord
  8722 | Bailey   | Reached skill level 2 in Ice Magic
  8730 | Bailey   | XOM: swap monsters
  8730 | Bailey   | Killed an orc knight
  8731 | Bailey   | Reached skill level 5 in Conjurations
  8731 | Bailey   | Reached skill level 3 in Ice Magic
  8731 | Bailey   | Reached skill level 5 in Air Magic
  8732 | Bailey   | Killed an orc knight
  8733 | Bailey   | Reached skill level 4 in Ice Magic
  8822 | Bailey   | XOM: summons 1 hostile demon
  8888 | Bailey   | XOM: stat loss: -1 Str (17/18)
  8940 | Bailey   | XOM: enchant monster (bad)
  8952 | Bailey   | Reached XP level 11. HP: 104/114 MP: 14/14
  9006 | Bailey   | Killed an orc warlord
  9007 | Bailey   | Reached skill level 5 in Ice Magic
  9110 | Bailey   | XOM: summons 6 hostile demons
  9111 | Bailey   | Gained mutation: Your tail ends in a venomous barb. [a
                  | neqoxec]
  9198 | D:8      | Reached skill level 7 in Ice Magic
  9198 | D:8      | Reached XP level 12. HP: 122/122 MP: 15/15
  9199 | D:8      | Reached skill level 9 in Ice Magic
  9199 | D:8      | Gained mutation: You can use your snake-like lower body to
                  | constrict enemies. [Naga growth]
  9199 | D:8      | Reached XP level 13. HP: 128/128 MP: 16/16
  9226 | D:8      | Found a stormy altar of Qazlal.
  9317 | D:8      | Found a hide-covered altar of Uskayaw.
  9317 | D:8      | XOM: 3-stop teleportation journey
  9322 | D:8      | XOM: confuse monster(s)
  9661 | D:8      | Found a hazy altar of Hepliaklqana.
  9744 | D:8      | Noticed Maurice
  9749 | D:8      | Killed Maurice
  9857 | D:8      | Found a staircase to the Lair.
 10439 | D:9      | Found a burning altar of Makhleb.
 10655 | D:9      | Found a sparkling altar of Nemelex Xobeh.
 10784 | D:10     | Entered Level 10 of the Dungeon
 10928 | D:9      | XOM: noise
 11057 | D:10     | XOM: noise
 11506 | D:10     | XOM: god gift: robe {god gift}
 11799 | D:10     | XOM: silly message
 11813 | D:10     | Identified the +8 whip "Fokhecu" {pain, rC+ Str+4}
 12299 | D:11     | XOM: 2-stop teleportation journey
 12421 | D:11     | XOM: confuse monster(s)
 13035 | D:11     | XOM: scenery: create altars
 13040 | D:11     | XOM: give mutation
 13040 | D:11     | Gained mutation: Your mind is acute. (Int +4, Str/Dex -1)
                  | [Xom's grace]
 13153 | D:12     | Reached skill level 1 in Necromancy
 13173 | D:12     | Noticed Snorg
 13180 | D:12     | Killed Snorg
 13359 | D:12     | XOM: 4-stop teleportation journey
 13696 | D:12     | XOM: summons 7 hostile demons
 13702 | D:12     | You fall into a shaft and drop 3 floors!
 13702 | D:15     | Entered Level 15 of the Dungeon
 13757 | D:15     | XOM: cast spell 'Summon Small Mammal'
 13761 | D:15     | XOM: divination: detect creatures
 13767 | D:15     | XOM: silly message
 14321 | D:15     | XOM: cast spell 'Leda's Liquefaction'
 14322 | D:15     | Reached skill level 5 in Alchemy
 14338 | D:15     | XOM: divination: detect creatures
 14341 | D:15     | Paralysed by an ogre mage for 5 turns
 14343 | D:15     | Reached XP level 14. HP: 93/145 MP: 1/18
 14351 | D:15     | Lost mutation: Your mind is acute. (Int +4, Str/Dex -1)
                  | [potion of mutation]
 14351 | D:15     | Lost mutation: Your muscles are strong. (Str +4, Int/Dex
                  | -1) [potion of mutation]
 14351 | D:15     | Lost mutation: You have sharp fingernails. [potion of
                  | mutation]
 14351 | D:15     | Gained mutation: You are frail. (-10% HP) [potion of
                  | mutation]
 14351 | D:15     | Gained mutation: Your flesh is heat resistant. (rF+)
                  | [potion of mutation]
 14351 | D:15     | Gained mutation: You passively dampen the noise of your
                  | surroundings. [potion of mutation]
 14351 | D:15     | Gained mutation: Your natural rate of healing is unusually
                  | fast. [potion of mutation]
 14357 | D:15     | Reached skill level 15 in Fighting
 14357 | D:15     | Reached skill level 10 in Ice Magic
 14559 | D:14     | XOM: potion effect (invisibility)
 14649 | D:14     | Learned a level 5 spell: Metabolic Englaciation
 14662 | D:14     | Found a gate to the Vaults.
 14666 | D:14     | XOM: cast spell 'Fugue of the Fallen'
 14668 | D:14     | XOM: cast spell 'Fugue of the Fallen'
 14670 | D:14     | Reached skill level 11 in Ice Magic
 14672 | D:14     | XOM: enchant monster (bad)
 14831 | D:14     | XOM: swap monsters
 14840 | D:14     | Found a portal to a secret trove of treasure.
 15020 | D:15     | Lost mutation: You are partially covered in large bone
                  | plates. (SH +4) [potion of mutation]
 15020 | D:15     | Lost mutation: You have a pair of small horns on your head.
                  | [potion of mutation]
 15020 | D:15     | Lost mutation: Your flesh is heat resistant. (rF+) [potion
                  | of mutation]
 15020 | D:15     | Gained mutation: You occasionally shout uncontrollably at
                  | your foes. [potion of mutation]
 15020 | D:15     | Gained mutation: You have a pair of small antennae on your
                  | head. [potion of mutation]
 15043 | D:15     | XOM: give mutations
 15043 | D:15     | Lost mutation: You occasionally shout uncontrollably at
                  | your foes. [Xom's mischief]
 15043 | D:15     | Gained mutation: You are dopey. (Int -2) [Xom's mischief]
 15043 | D:15     | Gained mutation: You are partially covered in large bone
                  | plates. (SH +4) [Xom's mischief]
 15043 | D:15     | Gained mutation: You are very frail. (-20% HP) [Xom's
                  | mischief]
 15599 | D:13     | XOM: give mutations
 15599 | D:13     | Lost mutation: Your natural rate of healing is unusually
                  | fast. [Xom's mischief]
 15599 | D:13     | Gained mutation: You are strong-willed. (Will+) [Xom's
                  | mischief]
 15599 | D:13     | Gained mutation: You can exhale a cloud of poison. [Xom's
                  | mischief]
 15599 | D:13     | Lost mutation: You have a pair of small antennae on your
                  | head. [Xom's mischief]
 15833 | D:13     | XOM: cloud trail
 15885 | D:13     | XOM: polymorph cyclops -> basilisk
 15963 | D:13     | Reached skill level 12 in Ice Magic
 15971 | D:13     | Learned a level 7 spell: Ozocubu's Refrigeration
 16002 | D:13     | XOM: 5-stop teleportation journey
 16006 | D:13     | XOM: 2-stop teleportation journey
 16536 | Lair:1   | Entered Level 1 of the Lair of Beasts
 16711 | Lair:1   | XOM: summons friendly ufetubus
 16717 | Lair:1   | Reached skill level 5 in Spellcasting
 17044 | Lair:1   | Noticed Amaemon
 17052 | Lair:1   | Killed Amaemon
 17263 | Lair:1   | XOM: 4-stop teleportation journey
 17831 | Lair:1   | Identified the +4 short sword of Hexevaqi {pain, rPois rF+
                  | rC+ Dex+2}
 18455 | Lair:2   | Reached skill level 13 in Ice Magic
 18468 | Lair:2   | XOM: summons 8 hostile demons
 18473 | Lair:2   | Lost mutation: You can exhale a cloud of poison. [potion of
                  | mutation]
 18473 | Lair:2   | Lost mutation: You are partially covered in large bone
                  | plates. (SH +4) [potion of mutation]
 18473 | Lair:2   | Lost mutation: You are dopey. (Int -2) [potion of mutation]
 18473 | Lair:2   | Gained mutation: You are weak. (Str -2) [potion of
                  | mutation]
 18473 | Lair:2   | Gained mutation: Your flesh is cold resistant. (rC+)
                  | [potion of mutation]
 18476 | Lair:2   | Gained mutation: You occasionally lose the ability to read
                  | scrolls when taking damage. [mutagenic glow]
 18479 | Lair:2   | XOM: noise
 19134 | Lair:2   | XOM: chaos cloud
 19280 | Lair:2   | XOM: summons 1 hostile shadow creature
 19310 | Lair:2   | XOM: silly message
 19498 | Lair:2   | XOM: polymorph bullfrog -> hornet
 19498 | Lair:2   | Paralysed by a hornet for 3 turns
 19503 | Lair:2   | Reached skill level 1 in Dodging
 19616 | Lair:2   | Reached XP level 15. HP: 111/119 MP: 20/24
 19826 | Lair:2   | Found a staircase to the Snake Pit.
 19842 | Lair:2   | XOM: give mutations
 19842 | Lair:2   | Lost mutation: You are very frail. (-20% HP) [Xom's
                  | mischief]
 19842 | Lair:2   | Gained mutation: You do not regenerate when monsters are
                  | visible. [Xom's mischief]
 19842 | Lair:2   | Gained mutation: You can exhale a cloud of poison. [Xom's
                  | mischief]
 20392 | Lair:2   | XOM: divination: detect creatures
 20534 | Lair:3   | XOM: silly message
 20709 | Lair:3   | XOM: divination: magic mapping
 20713 | Lair:3   | XOM: cast spell 'Summon Small Mammal'
 20926 | Lair:3   | XOM: confuse monster(s)
 20940 | Lair:3   | XOM: god gift: scroll labelled DOMAXK DECU {god gift}
 21261 | Lair:3   | Got the Omnibus of the Volcano and the Elixir
 21524 | Lair:3   | Noticed Gastronok
 21533 | Lair:3   | XOM: confuse monster(s)
 21535 | Lair:3   | Reached skill level 14 in Ice Magic
 21549 | Lair:3   | Killed Gastronok
 21611 | Lair:3   | XOM: silly message
 21909 | Lair:3   | Found a staircase to the Shoals.
 22265 | Lair:3   | XOM: noise
 22397 | Lair:3   | XOM: scenery: create altars
 22438 | Lair:4   | XOM: stealth player
 22861 | Lair:4   | XOM: 1-stop teleportation journey
 22887 | Lair:4   | XOM: scenery: 3 doors open
 23019 | Lair:4   | XOM: noise
 23022 | Lair:4   | XOM: noise
 23028 | Lair:4   | XOM: summons 15 friendly demons
 23077 | Lair:4   | XOM: silly message
 23119 | Lair:4   | XOM: noise
 23125 | Lair:4   | Noticed Josephine
 23126 | Lair:4   | XOM: confuse monster(s)
 23133 | Lair:4   | Killed Josephine
 23288 | Lair:4   | XOM: 4-stop teleportation journey
 23296 | Lair:4   | Lost mutation: Your tail ends in a venomous barb. [potion
                  | of mutation]
 23296 | Lair:4   | Lost mutation: You are weak. (Str -2) [potion of mutation]
 23296 | Lair:4   | Lost mutation: You do not regenerate when monsters are
                  | visible. [potion of mutation]
 23296 | Lair:4   | Lost mutation: You occasionally lose the ability to read
                  | scrolls when taking damage. [potion of mutation]
 23434 | Lair:4   | XOM: enchant monster (bad)
 23586 | Lair:4   | XOM is BORED!
 24343 | Lair:5   | Entered Level 5 of the Lair of Beasts
 24370 | Lair:5   | XOM: god gift: 7 stones
 24563 | Lair:5   | XOM: god gift: great sword {god gift}
 24651 | Lair:5   | XOM: enchant monster (good)
 24653 | Lair:5   | XOM: cast spell 'Summon Ice Beast'
 24659 | Lair:5   | XOM: polymorph ice beast -> shapeshifter
 24719 | Lair:5   | Reached skill level 15 in Ice Magic
 24845 | Lair:5   | XOM: silly message
 25065 | Lair:5   | XOM: summons 8 friendly demons
 25073 | Lair:5   | XOM: 1-stop teleportation journey
 25351 | Lair:5   | XOM: scenery: create altars
 25355 | Lair:5   | Reached skill level 5 in Dodging
 25366 | Lair:5   | Reached XP level 16. HP: 93/146 MP: 3/28
 25721 | Lair:5   | XOM: noise
 25825 | Lair:5   | XOM: 2-stop teleportation journey
 25986 | Lair:5   | XOM: enchant monster (bad)
 26046 | Lair:5   | Found a staircase to the Slime Pits.
 26082 | Lair:5   | Found a viscous altar of Jiyva.
 26111 | Lair:5   | XOM: give mutations
 26111 | Lair:5   | Lost mutation: You passively dampen the noise of your
                  | surroundings. [Xom's mischief]
 26111 | Lair:5   | Lost mutation: You can exhale a cloud of poison. [Xom's
                  | mischief]
 26204 | Lair:5   | XOM: confuse monster(s)
 26366 | Lair:5   | XOM: confuse monster(s)
 26630 | Lair:5   | XOM: summons 1 hostile shadow creature
 26857 | Lair:5   | XOM: noise
 27134 | D:13     | XOM: silly message
 27186 | D:13     | Found a shimmering blue altar of Sif Muna.
 27188 | D:13     | XOM: cast spell 'Leda's Liquefaction'
 27445 | D:13     | XOM: cloud trail
 27463 | D:13     | XOM: silly message
 28033 | D:15     | XOM: summons 6 hostile demons
 28162 | D:14     | XOM: divination: detect items
 28163 | D:14     | Lost mutation: You are covered in fur. (AC +1) [potion of
                  | mutation]
 28163 | D:14     | Lost mutation: Your flesh is cold resistant. (rC+) [potion
                  | of mutation]
 28163 | D:14     | Lost mutation: You are strong-willed. (Will+) [potion of
                  | mutation]
 28163 | D:14     | Gained mutation: You have a pair of small antennae on your
                  | head. [potion of mutation]
 28163 | D:14     | Gained mutation: Your spells are a little harder to cast,
                  | but a little more powerful. [potion of mutation]
 28163 | D:14     | Gained mutation: You are agile. (Dex +4, Str/Int -1)
                  | [potion of mutation]
 28163 | D:14     | Gained mutation: You are partially covered in large bone
                  | plates. (SH +4) [potion of mutation]
 28170 | D:14     | XOM: summons friendly iron imp
 28172 | D:14     | Lost mutation: Your spells are a little harder to cast, but
                  | a little more powerful. [potion of mutation]
 28172 | D:14     | Lost mutation: You are frail. (-10% HP) [potion of
                  | mutation]
 28172 | D:14     | Gained mutation: You are very agile. (Dex +8, Str/Int -2)
                  | [potion of mutation]
 28172 | D:14     | Gained mutation: Your tail ends in a venomous barb. [potion
                  | of mutation]
 28175 | D:14     | XOM: cleaving
 28195 | D:14     | XOM: give mutations
 28195 | D:14     | Gained mutation: You are partially covered in iridescent
                  | scales. (AC +2) [Xom's mischief]
 28195 | D:14     | Lost mutation: You are very agile. (Dex +8, Str/Int -2)
                  | [Xom's mischief]
 28195 | D:14     | Lost mutation: You are partially covered in large bone
                  | plates. (SH +4) [Xom's mischief]
 28195 | D:14     | Gained mutation: You have hidden genetic defects. [Xom's
                  | mischief]
 28818 | D:14     | XOM: 1-stop teleportation journey
 29197 | D:14     | XOM: stat loss: -1 Int (30/31)
 30014 | D:15     | Found a staircase to the Depths.
 30221 | D:15     | XOM is BORED!
 30268 | D:15     | Gained mutation: Your magical capacity is low. (-10% MP)
                  | [hidden defects]
 30341 | D:15     | XOM: 1-stop teleportation journey
 30429 | D:15     | XOM: confuse monster(s)
 30845 | D:12     | Found a staircase to the Orcish Mines.
 31419 | D:12     | XOM: summons 3 hostile shadow creatures
 31445 | D:12     | XOM: summons 4 friendly demons
 31451 | D:12     | Reached skill level 16 in Ice Magic
 31462 | D:12     | XOM: noise
 31898 | Orc:1    | Entered Level 1 of the Orcish Mines
 32105 | Orc:1    | XOM is BORED!
 32229 | Orc:2    | Entered Level 2 of the Orcish Mines
 32596 | Orc:2    | Found a roughly hewn altar of Beogh.
 32658 | Orc:2    | Found Lery's Distillery.
 32658 | Orc:2    | Found a staircase to the Elven Halls.
 32658 | Orc:2    | XOM: 3-stop teleportation journey
 32786 | Orc:2    | Found Aheirgh's Book Boutique.
 32791 | Orc:2    | Bought a book of Death for 748 gold pieces
 32796 | Orc:2    | Learned a level 4 spell: Animate Dead
 32954 | Orc:2    | XOM: cloud trail
 32977 | Orc:2    | Found Xejaufur's Distillery.
 32979 | Orc:2    | Lost mutation: You are agile. (Dex +4, Str/Int -1) [hidden
                  | defects]
 32979 | Orc:2    | Lost mutation: You have hidden genetic defects. [hidden
                  | defects expressed]
 32989 | Orc:2    | Reached XP level 17. HP: 153/172 MP: 3/27
 33000 | Orc:2    | Reached skill level 5 in Necromancy
 33397 | Orc:2    | Found Haken's Distillery.
 33399 | Orc:2    | Bought a potion of heal wounds for 70 gold pieces
 33399 | Orc:2    | Bought a potion of curing for 42 gold pieces
 33404 | Orc:2    | Bought a potion of heal wounds for 65 gold pieces
 33404 | Orc:2    | Bought a potion of curing for 39 gold pieces
 33404 | Orc:2    | Bought a potion of cancellation for 104 gold pieces
 33404 | Orc:2    | Bought a potion of mutation for 104 gold pieces
 33404 | Orc:2    | Bought a potion of mutation for 104 gold pieces
 33404 | Orc:2    | Lost mutation: You have a pair of small antennae on your
                  | head. [potion of mutation]
 33404 | Orc:2    | Lost mutation: Your magical capacity is low. (-10% MP)
                  | [potion of mutation]
 33404 | Orc:2    | Lost mutation: You are partially covered in iridescent
                  | scales. (AC +2) [potion of mutation]
 33404 | Orc:2    | Gained mutation: Your body sometimes deteriorates upon
                  | taking damage. [potion of mutation]
 33404 | Orc:2    | Gained mutation: You can exhale a cloud of poison. [potion
                  | of mutation]
 33404 | Orc:2    | Gained mutation: Your movements are slightly less
                  | encumbered by armour. (ER -2) [potion of mutation]
 33433 | Orc:2    | Found Muzyacu's Antique Armour Shoppe.
 33837 | Snake:1  | Entered Level 1 of the Snake Pit
 33839 | Snake:1  | XOM: confuse monster(s)
 33868 | Snake:1  | XOM: give mutation
 33868 | Snake:1  | Gained mutation: You are agile. (Dex +4, Str/Int -1) [Xom's
                  | grace]
 33932 | Snake:1  | XOM: give mutations
 33932 | Snake:1  | Gained mutation: You have an increased reservoir of magic.
                  | (+10% MP) [Xom's grace]
 33932 | Snake:1  | Gained mutation: Your mind is acute. (Int +4, Str/Dex -1)
                  | [Xom's grace]
 33932 | Snake:1  | Gained mutation: You are partially covered in iridescent
                  | scales. (AC +2) [Xom's grace]
 34095 | Snake:1  | XOM: god gift: book of Air
 34230 | Snake:1  | XOM: cloud trail
 34613 | Lair:4   | Upgraded the game from 0.32-a0-953-g508020473e to
                  | 0.32-a0-961-gd60f5e5fc7
 34628 | Lair:4   | Learned a level 8 spell: Infestation
 34998 | Elf:1    | XOM: noise
 34998 | Elf:1    | Entered Level 1 of the Elven Halls
 35039 | Elf:1    | XOM: smoke on damage
 35467 | Elf:1    | Found Voecalia's Gadget Gallery.
 35606 | Elf:1    | XOM: cleaving
 35621 | Elf:1    | XOM: cloud trail
 35757 | Elf:1    | Noticed Jorgrun
 35763 | Elf:1    | Killed Jorgrun
 35901 | Elf:1    | XOM: cast spell 'Summon Ice Beast'
 35904 | Elf:1    | Reached skill level 10 in Necromancy
 36083 | Elf:1    | XOM: silly message
 36123 | Elf:1    | Noticed Asterion
 36126 | Elf:1    | XOM: divination: detect items
 36137 | Elf:1    | Killed Asterion
 36267 | Elf:1    | XOM: divination: detect items
 36407 | Orc:2    | XOM: divination: detect items
 36467 | Elf:1    | Found a roughly hewn altar of Beogh.
 36487 | Elf:1    | Found a radiant altar of Vehumet.
 36609 | Elf:1    | Paralysed by an air elemental for 1 turns
 36611 | Elf:1    | Paralysed by an air elemental for 1 turns
 36613 | Elf:1    | Paralysed by an air elemental for 1 turns
 36817 | Elf:2    | Paralysed by an air elemental for 1 turns
 36961 | Elf:1    | XOM: divination: detect items
 37245 | Elf:2    | XOM: 1-stop teleportation journey
 37294 | Elf:2    | XOM: enchant monster (good)
 37301 | Elf:2    | XOM: summons friendly iron imp
 37308 | Elf:2    | XOM: potion effect (heal wounds)
 37315 | Elf:2    | XOM: cast spell 'Summon Ice Beast'
 37316 | Elf:2    | HP: 7/172 [+4 vampiric battleaxe (5)]
 37317 | Elf:2    | HP: 3/172 [fire elemental[a deep elf pyromancer] (5)]
 37317 | Elf:2    | Slain by a +0 vampiric trident

Illustrated notes

Levels and vault maps discovered:
D:1:      co_arrival_random_square_maze, layout_basic, st_stairs_2,
          roderic_roman_lattice, minmay_pentomino_p2
D:2:      layout_basic
D:3:      layout_rooms, nicolae_overflow_two_pavilions, moated_statue,
          minmay_misc_feat_hallway, pf_guarded_unrand_meek
D:4:      layout_basic, mainiacjoe_overflow_alcove_4, okawaru_trees_2,
          mainiacjoe_overflow_large_starburst, portal_sewer_entry_e,
          serial_rivers, chequers_serial_rivers_small_b,
          chequers_serial_rivers_micro_b, chequers_serial_rivers_room_b,
          chequers_serial_rivers_large_a, chequers_serial_rivers_micro_a,
          chequers_serial_rivers_micro_a, gammafunk_ghost_necromancy,
          minivault_24
D:5:      layout_gridville, serial_shops, nicolae_shop_back_alley_shop, shop,
          nicolae_shop_pleasant_corner_grove
D:6:      layout_loops_ring, gammafunk_temple_overflow_statue,
          minmay_temple_entry_waves, chequers_serial_rivers_micro_e,
          minmay_chambers_of_fives, uniq_pikel, uniq_menkaure,
          uniq_crazy_yiuf_cottage
D:7:      kennysheep_big_flooded_room, layout_loops_ring
D:8:      layout_basic, nicolae_qazlal_scattered_showers,
          nicolae_hepliaklqana_hippocampus, dancing_weapons_uskayaw,
          lair_entry_dummy, enter_bailey_3, uniq_maurice
D:9:      layout_basic, nemelex_spade_bored_becter,
          mainiacjoe_overflow_cross_hatched
D:10:     layout_rooms, minmay_rotating_lava
D:11:     layout_roguey, grunt_ministairs_10
D:12:     cross_vault, layout_basic, kennysheep_orc_monster_closet_entryway,
          portal_ice_cave_entry_pillars_2, uniq_snorg
D:13:     layout_small_grid, serial_shops, bzr_entry_safe,
          kennysheep_orc_sif_temple
D:14:     layout_irregular_city, lightli_vaults_fourway_checkpoint,
          enter_trove_0, chequers_jeans
D:15:     hangedman_depths_entry_civil_slaughter, layout_basic,
          minmay_misc_feat_secret_circle
Lair:1:   layout_gridlike, serial_bayou_shore_b, serial_bayou_shore_b,
          uniq_amaemon
Lair:2:   beast_lair_carwin_large_2, layout_chaotic_city,
          guppyfry_snake_entry_garden, grunt_megastairs_3,
          infiniplex_staircase_pool
Lair:3:   layout_cave_pods, minmay_shoals_entry_centaurs,
          small_statue_intersection, nicolae_lair_lindhole, lemuel_fruit_tree,
          uniq_gastronok
Lair:4:   layout_roguey, grunt_megastairs_4, uniq_josephine
Lair:5:   evilmike_catoblepas_cave, layout_cave_pods,
          nicolae_slime_entry_field_trip
Snake:1:  layout_onion_interference, grunt_megastairs_5, serial_bayou_shore_b,
          serial_bayou_shore_a
Orc:1:    layout_caves
Orc:2:    st_orc_open, layout_diamond_mine, serial_shops,
          nicolae_shop_just_a_little_nook, nicolae_orc_damp_corner, mines2_david
Elf:1:    minmay_elf_arrival_summoners, layout_gridlike,
          nicolae_elf_theology_debate, nicolae_shop_gadgets, uniq_asterion,
          uniq_jorgrun
Elf:2:    elven_hall_of_blades_hangedman_original
          [nicolae_blade_entry_hurt_lockers], layout_loops_corners,
          serial_sigils, serial_sigils_hangedman_scar,
          serial_sigils_hangedman_snap, serial_sigils_hangedman_quiver,
          minmay_misc_feat_diagonals, uniq_zenata

Skill      XL: |  1  2  3  4  5  6  7  8  9 10 11 12 13 14 15 16 17 |
---------------+----------------------------------------------------+-----
Fighting       | 4 5 6 9 11 14 15 | 15.8
Spellcasting   | 1 2 3 6 8 9 |  9.7
Conjurations   | 1 3 4 5 7 9 |  9.0
Air Magic      | 1 3 4 5 7 9 |  9.0
Alchemy        | 2 3 4 5 6 |  6.0
Evocations     | 3 5 |  5.9
Ice Magic      | 4 7 9 13 15 16 | 16.1
Necromancy     | 1 4 12 | 12.3
Dodging        | 1 5 6 |  6.9
Armour         | |  1.5
Unarmed Combat | |  3.0

Action                     |  1- 3 |  4- 6 |  7- 9 | 10-12 | 13-15 | 16-18 || total
---------------------------+-------+-------+-------+-------+-------+-------++-------
  Melee: Unarmed           |    50 |       |       |       |     2 |       ||    52
         Short sword       |    41 |    13 |       |       |       |       ||    54
         Headbutt          |     1 |    10 |    25 |    31 |    52 |       ||   119
         Quarterstaff      |       |    61 |   188 |   208 |   548 |   347 ||  1352
         Constrict         |       |       |       |       |   118 |   100 ||   218
  Throw: Throwing net      |       |       |       |     2 |       |       ||     2
   Cast: Mephitic Cloud    |       |     1 |       |     7 |     4 |       ||    12
         Freezing Cloud    |       |       |       |       |    79 |    76 ||   155
         Ozocubu's Refrige |       |       |       |       |    49 |    39 ||    88
         Metabolic Englaci |       |       |       |       |     4 |     8 ||    12
         Animate Dead      |       |       |       |       |       |    12 ||    12
Ability: Spit Poison       |    34 |    22 |    33 |    31 |    24 |       ||   144
         Breathe Poison Ga |       |       |       |       |    54 |    15 ||    69
  Evoke: Wand              |       |     1 |     5 |     2 |     3 |     8 ||    19
         Box of beasts     |       |       |       |       |     2 |     2 ||     4
    Use: Scroll            |     7 |     3 |     3 |     9 |    11 |    12 ||    45
         Potion            |     4 |     2 |     7 |     3 |     6 |    13 ||    35
   Stab: Confused          |       |       |       |     1 |     3 |       ||     4
         Invisible         |       |       |       |       |     2 |       ||     2
         Sleeping          |       |       |       |       |     1 |     1 ||     2
         Petrified         |       |       |       |       |     3 |       ||     3
 Armour: Leather armour    |    66 |    89 |   208 |   201 |   940 |   599 ||  2103
         Skin              |       |       |    17 |       |       |       ||    17
  Dodge: Dodged            |    36 |    34 |   112 |    95 |   346 |   243 ||   866
  Block: Other             |       |    15 |    40 |    41 |    70 |       ||   166

Table legend: (Time is in decaauts)
 A = Elapsed time spent in this place.
 B = Non-inter-level travel time spent in this place.
 C = Inter-level travel time spent in this place.
 D = Time resting spent in this place.
 E = Time spent auto-exploring this place.
 F = Levels seen in this place.
 G = Mean time per level.
                   A        B        C        D        E       F      G
               +--------+--------+--------+--------+--------+-----+--------+
         Total |  44457 |  41317 |   3140 |   7386 |  28151 |  27 | 1646.6 |
       Dungeon |  23839 |  21705 |   2134 |   3762 |  15137 |  15 | 1589.3 |
          Lair |  12538 |  11863 |    675 |   1583 |   8934 |   5 | 2507.6 |
     Snake Pit |    727 |    695 |     32 |     31 |    524 |   1 |  727.0 |
  Orcish Mines |   2238 |   2110 |    128 |    315 |   1461 |   2 | 1119.0 |
   Elven Halls |   2642 |   2472 |    170 |    497 |   1533 |   2 | 1321.0 |
         Sewer |   1007 |   1007 |      0 |    348 |    405 |   1 | 1007.0 |
        Bailey |   1463 |   1463 |      0 |    847 |    156 |   1 | 1463.0 |
               +--------+--------+--------+--------+--------+-----+--------+

Top non-repeatable levels by time:
  Lair:5: 2928 daAuts
    D:14: 2870 daAuts
    D:15: 2752 daAuts
  Lair:1: 2687 daAuts
    D:12: 2374 daAuts
  Lair:4: 2329 daAuts
  Lair:3: 2309 daAuts
  Lair:2: 2283 daAuts
   Elf:1: 2231 daAuts
     D:6: 1949 daAuts
    D:13: 1781 daAuts
   Orc:2: 1575 daAuts
     D:7: 1513 daAuts
     D:8: 1481 daAuts
  Bailey: 1463 daAuts
